 Dungeon Crawl Stone Soup version 0.24.0-37-gcf1ca852f1 (webtiles) character file.

Game seed: 4231129119898724521, levelgen mode: deterministic

444 FishyPogo the Firebug (level 7, -2/46 HPs)
             Began as a Human Fire Elementalist on Dec 5, 2019.
             Slain by an orc wizard
             ... wielding a +0 dagger
              (6 damage)
             ... on level 5 of the Dungeon on Dec 6, 2019.
             The game lasted 00:18:55 (3741 turns).

FishyPogo the Firebug (Human Fire Elementalist)     Turns: 3741, Time: 00:18:55

Health: -2/46      AC:  2    Str: 11    XL:     7   Next: 23%
Magic:  5/13       EV: 12    Int: 16    God:
Gold:   318        SH:  0    Dex: 15    Spells: 9/15 levels left

rFire    . . .     SeeInvis .   j - +1 short sword (venom)
rCold    . . .     Gourm    .   (no shield)
rNeg     + . .     Faith    .   a - +0 robe
rPois    +         Spirit   .   (no helmet)
rElec    .         Reflect  .   (no cloak)
rCorr    .         Harm     +   (no gloves)
MR       .....                  (no boots)
Stlth    ++........             n - amulet of harm
HPRegen  0.15/turn              m - +4 ring of slaying
MPRegen  0.13/turn              y - ring "Guciobess" {rPois rN+ Str+3}

@: no status effects
A: no striking features
a: no special abilities


You were on level 5 of the Dungeon.
You were hungry.

You visited 1 branch of the dungeon, and saw 5 of its levels.

You collected 318 gold pieces.

Inventory:

Hand Weapons
 j - a +1 short sword of venom (weapon)
 k - a +0 whip of holy wrath
Missiles
 d - 173 stones (quivered)
 e - 34 poisoned darts
 t - 4 silver boomerangs
Armour
 a - a +0 robe (worn)
Jewellery
 m - a +4 ring of slaying (left hand)
 n - an amulet of harm (around neck)
 v - an uncursed ring of ice
 y - the ring "Guciobess" (right hand) {rPois rN+ Str+3}
   (You found it on level 5 of the Dungeon)

   [ring of strength]

   It affects your strength (+3).
   It protects you from poison.
   It protects you from negative energy.
Wands
 w - a wand of paralysis (8)
Scrolls
 b - a scroll of enchant weapon {unknown}
 g - 2 scrolls of teleportation {unknown}
 i - 4 scrolls of remove curse {unknown}
 o - 3 scrolls of fog {unknown}
 p - 4 scrolls of amnesia {unknown}
 q - 6 scrolls of identify
 x - a scroll of enchant armour {unknown}
Potions
 f - 2 potions of heal wounds {unknown}
 h - 3 potions of curing {unknown}
 l - a potion of lignification {unknown}
 r - a potion of flight {unknown}
 u - a potion of invisibility {unknown}
 z - a potion of cancellation {unknown}
Comestibles
 c - 9 rations
 s - 4 chunks of flesh


   Skills:
 + Level 0.2 Fighting
 + Level 2.0 Dodging
 - Level 2.0 Stealth
 + Level 4.5 Spellcasting
 + Level 2.1 Conjurations
 * Level 5.7 Fire Magic


You had 9 spell levels left.
You knew the following spells:

 Your Spells              Type           Power        Failure   Level  Hunger
a - Flame Tongue          Conj/Fire      ###..        3%          1    None
b - Throw Flame           Conj/Fire      ###...       4%          2    ##.....
c - Conjure Flame         Conj/Fire      ###.....     10%         3    ###....

Your spell library contained the following spells:

 Spells                   Type           Power        Failure   Level  Hunger
 Inner Flame              Hex/Fire       ##......     14%         3    ###....
 Sticky Flame             Conj/Fire      ###.....     30%         4    ####...
 Fireball                 Conj/Fire      ###.......   65%         5    ######.


Dungeon Overview and Level Annotations

Branches:
Dungeon (5/15)
 Temple: D:4-7

Altars:
Ashenzari
Gozag
Nemelex Xobeh
Uskayaw
Zin


Message History

The orc wizard closely misses you. The orc wizard barely misses you.
You hit the orc wizard.
The orc wizard is poisoned.
The orc wizard is almost dead.
The orc wizard gestures at you while chanting.
The puff of flame hits you! The adder bites you.
You closely miss the orc wizard.
The orc wizard is almost dead.
The orc wizard hits you with a +0 dagger.
A quokka comes into view.
The orc wizard gestures at you while chanting.
The puff of flame hits you! The adder bites you.
You are feeling hungry.
You closely miss the orc wizard.
The orc wizard is almost dead.
The orc wizard gestures at you while chanting.
The puff of frost hits you!
* * * LOW HITPOINT WARNING * * *
The adder barely misses you.
The orc wizard hits you with a +0 dagger.
You die...

..........####
............####.......#
.........r..# #####....
#........... #####
#......... # #.......#
#....o. #...So# #...o@#
##.)..## #....## ####
##....# ....##....##
.....#....# .........##
.........# .........##


You could see 2 orc wizards, an adder, an orc and a quokka (wandering).

Vanquished Creatures
  An ogre (D:4)
  A scorpion (D:4)
  2 orc priests
  A hound (D:4)
  A centaur skeleton (D:4)
  An iguana (D:4)
  A worker ant (D:5)
  2 adders
  A shadow imp (D:5)
  2 oozes
  A worm (D:2)
  3 dart slugs (D:2)
  7 leopard geckos
  13 orcs
  2 bats
  2 giant cockroaches
  11 goblins
  A hobgoblin (D:3)
  4 jackals (D:4)
  9 kobolds
  A quokka (D:3)
  2 ball pythons
  7 frilled lizards
  A leopard gecko skeleton (D:4)
  13 rats
90 creatures vanquished.

Notes
Turn   | Place    | Note
-------+----------+-------------------------------------------
     0 | D:1      | FishyPogo the Human Fire Elementalist began the quest for
                  | the Orb.
     0 | D:1      | Reached XP level 1. HP: 13/13 MP: 3/3
   254 | D:1      | You fall into a shaft and drop 1 floor!
   494 | D:1      | Reached XP level 2. HP: 19/19 MP: 5/5
   610 | D:1      | Learned a level 2 spell: Throw Flame
   771 | D:1      | Reached XP level 3. HP: 21/24 MP: 4/6
  1024 | D:2      | Found a shattered altar of Ashenzari.
  1024 | D:2      | Found an opulent altar of Gozag.
  1026 | D:2      | Found a hide-covered altar of Uskayaw.
  1350 | D:2      | Found a glowing silver altar of Zin.
  1496 | D:2      | Reached XP level 4. HP: 30/30 MP: 5/8
  1935 | D:3      | Reached skill level 4 in Fire Magic
  1944 | D:3      | Learned a level 3 spell: Conjure Flame
  2117 | D:3      | Reached XP level 5. HP: 35/35 MP: 8/10
  2253 | D:3      | Found a sparkling altar of Nemelex Xobeh.
  2580 | D:4      | Noticed an ogre
  2715 | D:4      | Killed an ogre
  2715 | D:4      | Reached XP level 6. HP: 34/41 MP: 5/12
  2839 | D:4      | Reached skill level 5 in Fire Magic
  2910 | D:4      | Paralysed by an orc for 6 turns
  3380 | D:4      | Reached XP level 7. HP: 37/46 MP: 10/13
  3405 | D:5      | Entered Level 5 of the Dungeon
  3416 | D:5      | Got a pitted silver ring
  3653 | D:5      | Identified the ring "Guciobess" {rPois rN+ Str+3} (You
                  | found it on level 5 of the Dungeon)
  3741 | D:5      | Slain by an orc wizard

Levels and vault maps discovered:
D:1:      dpeg_arrival_water_temple_mockup, layout_loops_corners,
          minmay_tromino_i2
D:2:      layout_basic, gammafunk_temple_overflow_forgotten, lemuel_round_altar,
          first_ration
D:3:      layout_rooms, nemelex_lonely_heart_becter
D:4:      layout_basic, hangedman_decor_riveting, minmay_lizard_king
D:5:      layout_cave_pods

Skill      XL: |  1  2  3  4  5  6  7 |
---------------+----------------------+-----
Spellcasting   | 3 4 |  4.5
Fire Magic     | 4 5 |  5.7
Conjurations   | 2 |  2.1
Fighting       | |  0.2
Dodging        | |  2.0
Stealth        | |  2.0

Action                   |  1- 3 |  4- 6 |  7- 9 || total
-------------------------+-------+-------+-------++-------
Melee: Dagger            |     6 |       |       ||     6
       Short sword       |    19 |    33 |     5 ||    57
 Cast: Flame Tongue      |    30 |    55 |    17 ||   102
       Throw Flame       |    14 |    11 |     5 ||    30
  Use: Scroll            |       |     2 |       ||     2
 Stab: Sleeping          |     3 |     1 |       ||     4
  Eat: Chunk             |     3 |     6 |     1 ||    10
Armor: Robe              |     7 |     6 |     3 ||    16
Dodge: Dodged            |    16 |    36 |     6 ||    58
